AoeStats
← Kanyaga

Arabia

508938884Analyzed
1v1 RM · 8d ago on Sep 24, 2026· 57m 48s· 2 players
Game mode
Random Map
Map size
Tiny (2 player)
Population
200
Speed
Normal
Resources
Standard
Victory
Conquest
Starting age
Dark Age
Ending age
Imperial Age
RankedLock teamsTeams togetherTeam positionsShared explorationLock speedFull tech treeHidden civsTurbo modeCheats
Victory
Defeat
🇹🇷 Saracens · Türkiye
1530
+16
🇵🇪 Khmer · Peru
1528
-16
RexMachina™
6:50 Loom
9:20 Feudal Age
19:53 Castle Age
18:05 Double-Bit Axe
18:07 Horse Collar
19:01 Gold Mining
20:02 Fletching
21:34 Bow Saw
22:02 Bodkin Arrow
22:18 Husbandry
23:17 Bodkin Arrow
25:29 Ballistics
26:50 Bloodlines
27:39 Wheelbarrow
28:02 Padded Archer Armor
28:58 Leather Archer Armor
30:06 Hand Cart
30:28 Pikeman
31:15 Town Watch
31:42 Forging
31:39 Scale Barding Armor
31:41 Light Cavalry
33:16 Scale Mail Armor
37:05 Imperial Age
36:16 Chain Mail Armor
36:36 Iron Casting
35:24 Light Cavalry
36:40 Chain Barding Armor
37:26 Hussar
39:15 Blast Furnace
37:59 Capped Ram
39:06 Conscription
39:11 Halberdier
40:22 Bracer
41:00 Plate Barding Armor
41:05 Heavy Plow
44:35 Bracer
44:23 Elite Skirmisher
46:53 Ring Archer Armor
47:26 Chemistry
50:01 Gold Shaft Mining
49:16 Stone Mining
Kanyaga
2:10 Loom
9:38 Feudal Age
10:24 Double-Bit Axe
14:18 Horse Collar
20:58 Castle Age
19:43 Gold Mining
20:41 Bloodlines
21:22 Gold Mining
23:25 Husbandry
23:33 Scale Barding Armor
24:10 Wheelbarrow
24:40 Heavy Plow
25:00 Town Watch
26:11 Light Cavalry
28:52 Forging
32:09 Hand Cart
34:53 Imperial Age
33:25 Thumb Ring
33:25 Padded Archer Armor
33:16 Fletching
34:38 Chain Barding Armor
34:00 Elite Skirmisher
35:28 Fletching
36:15 Plate Barding Armor
36:30 Conscription
37:16 Iron Casting
36:54 Fletching
37:19 Leather Archer Armor
38:46 Chemistry
38:42 Parthian Tactics
38:33 Gold Mining
38:33 Stone Mining
38:44 Bodkin Arrow
39:13 Masonry
41:37 Blast Furnace
42:12 Bracer
41:37 Elite Mameluke
45:38 Bracer
46:08 Ring Archer Armor
46:39 Ballistics
49:10 Hussar
58:12 Coinage
58:20 Hoardings
Connection lost

Rejoining the realm…

Still unreachable

The connection could not be restored.

Session expired

The server has moved on; the page needs a fresh start.